 Dungeon Crawl Stone Soup version 0.32-a0-22-g6ae6769602 (webtiles) character file.

Game seed: 9357883241149982747

461 zxpr0jk the Covered (level 6, -1/47 HPs)
             Began as a Demonspawn Chaos Knight on Jan 18, 2024.
             Was a Plaything of Xom.
             Killed by nerve-wracking pain
             ... invoked by Grinder
              (9 damage)
             ... on level 4 of the Dungeon.
             The game lasted 00:06:46 (2509 turns).

zxpr0jk the Covered (Demonspawn Chaos Knight)       Turns: 2509, Time: 00:06:47

Health: -1/47      AC:  5    Str: 13    XL:     6   Next: 79%
Magic:  6/6        EV: 12    Int: 12    God:    Xom [.*....]
Gold:   144        SH:  0    Dex: 14    Spells: 5/5 levels left

rFire   + . .        a - +0 hand axe (chaos)
rCold   . . .        (no shield)
rNeg    . . .        b - +2 leather armour
rPois   .            (no helmet)
rElec   .            (no cloak)
rCorr   .            (no gloves)
SInv    .            (no boots)
Will    .....        p - amulet of regeneration
Stlth   +            k - ring of protection from fire
HPRegen 1.07/turn    (no ring)
MPRegen 0.10/turn

%: no passive effects
@: no status effects
A: hooves 1, demonic magic 1
a: Renounce Religion


You were on level 4 of the Dungeon.
You worshipped Xom.
You were a plaything of Xom.
You visited 1 branch of the dungeon, and saw 4 of its levels.

You collected 144 gold pieces.

Inventory:

Hand Weapons
 a - a +0 hand axe of chaos (weapon)
 e - a +2 dagger of freezing
 u - a +0 dagger of venom
Missiles
 o - 24 stones (quivered)
Armour
 b - a +2 leather armour (worn)
 h - a +0 buckler
 s - a +0 kite shield
 v - a +1 leather armour of cold resistance
Jewellery
 k - a ring of protection from fire (left hand)
 p - an amulet of regeneration (around neck)
Wands
 t - a wand of polymorph (4)
Scrolls
 c - a scroll of butterflies
 d - 3 scrolls of poison {unknown}
 f - a scroll of enchant armour {unknown}
 i - 5 scrolls of identify {unknown}
 j - a scroll of teleportation {unknown}
 l - 2 scrolls of fear {unknown}
 m - 2 scrolls of noise {unknown}
 q - a scroll of amnesia {unknown}
 w - 2 scrolls of blinking {unknown}
 y - a scroll of enchant weapon {unknown}
Potions
 x - a potion of invisibility {unknown}


   Skills:
 - Level 3.0 Fighting
 + Level 4.2 Axes
 * Level 4.9 Armour
 + Level 3.1 Dodging


You had 5 spell levels left.
You didn't know any spells.
Your spell library contained the following spells:

 Spells                   Type           Power      Damage    Failure   Level
 Summon Ice Beast         Ice/Summ       0%         N/A       77%         3
 Summon Mana Viper        Hex/Summ       0%         N/A       100%        5
 Monstrous Menagerie      Summ           0%         N/A       100%        7


Dungeon Overview and Level Annotations

Branches:
Dungeon (4/15)
 Temple: D:4-7

Altars:
Ashenzari
Okawaru
Xom

Annotations:
D:4 Grinder


Innate Abilities, Weirdness & Mutations

You have large cloven feet.
Spells you cast may paralyse adjacent enemies.


Message History

You hit Grinder.
Grinder is almost dead.
Grinder is no longer covered in acid.
Grinder hits you.
You writhe in agony.
Grinder gestures at you. Pain shoots through your body!
* * * LOW HITPOINT WARNING * * *
Unknown command.
You feel better. Grinder hits you.
* * * LOW HITPOINT WARNING * * *
You writhe in agony.
* * * LOW HITPOINT WARNING * * *
You closely miss Grinder.
Grinder is almost dead.
Grinder hits you but does no damage. Grinder gestures at you.
You shrug off the repeated paralysis!
Unknown command.
You hit Grinder but do no damage.
Grinder is almost dead.
Grinder gestures at you.
You suddenly lose the ability to move!
Grinder gestures at you. You resist with significant effort.
Grinder hits you but does no damage.
You can move again.
Unknown command.
You hit Grinder.
Grinder is almost dead.
Grinder blinks!
You closely miss Grinder. You kick Grinder, but do no damage.
Grinder is almost dead.
Grinder hits you but does no damage. Grinder hits you.
* * * LOW HITPOINT WARNING * * *
You writhe in agony.
* * * LOW HITPOINT WARNING * * *
You hit Grinder.
Grinder is poisoned.
Grinder is almost dead.
Grinder gestures at you. Pain shoots through your body!
You die...
Grinder says, "Hey, I wasn't done torturing you yet!"

#......#.....#
#......#..
######.#.....#
######.#.#
#.#.....# #.#.#
#.####### #...#
#.# ####### #####
#.# #.....# #..
##.###.###.# #..
#......5.#........
#..
######.#@#........
#.. #5#.#.[......
### #.#..........
.............
.............
..##.......... #
.. #...... .
........ . .


You could see Grinder (fast, resistant, very poisoned).

Vanquished Creatures
  A scorpion (D:4)
  3 crimson imps (D:3)
  An iguana (D:4)
  2 sleepcaps (D:4)
  Ijyb (D:3)
  Natasha (thrice) (D:2)
  Terence (D:3)
  2 adders
  A dart slug (D:1)
  A ribbon worm (D:2)
  8 endoplasms
  2 giant cockroaches
  A goblin (D:1)
  7 hobgoblins
  2 jackals (D:3)
  2 kobolds
  A quokka (D:2)
  3 ball pythons
  6 bats
  3 frilled lizards
  6 rats
57 creatures vanquished.

Vanquished Creatures (collateral kills)
  A crimson imp (D:3)
1 creature vanquished.

Grand Total: 58 creatures vanquished

Notes
Turn   | Place    | Note
-------+----------+-------------------------------------------
     0 | D:1      | zxpr0jk the Demonspawn Chaos Knight began the quest for the
                  | Orb.
     0 | D:1      | Reached XP level 1. HP: 18/18 MP: 1/1
    35 | D:1      | XOM: potion effect (might)
    97 | D:1      | Reached skill level 1 in Dodging
   161 | D:1      | Found a faded altar of an unknown god.
   172 | D:1      | Gained mutation: Spells you cast may paralyse adjacent
                  | enemies. [demonic ancestry]
   172 | D:1      | Reached XP level 2. HP: 24/24 MP: 2/2
   474 | D:1      | XOM: 3-stop teleportation journey
   747 | D:2      | Found an iron altar of Okawaru.
   801 | D:2      | XOM: divination: magic mapping
   879 | D:2      | Reached XP level 3. HP: 22/29 MP: 3/3
  1160 | D:2      | Noticed Natasha
  1169 | D:2      | Killed Natasha
  1237 | D:2      | Noticed Natasha
  1252 | D:2      | Killed Natasha
  1253 | D:2      | Gained mutation: You have large cloven feet. [demonic
                  | ancestry]
  1253 | D:2      | Reached XP level 4. HP: 31/35 MP: 4/4
  1410 | D:2      | Noticed Natasha
  1416 | D:2      | Killed Natasha
  1501 | D:3      | Noticed Ijyb
  1547 | D:3      | Killed Ijyb
  1548 | D:3      | Reached XP level 5. HP: 21/41 MP: 5/5
  1711 | D:3      | XOM: 1-stop teleportation journey
  1772 | D:3      | Noticed Terence
  1792 | D:3      | XOM: noise
  1794 | D:3      | Killed Terence
  1957 | D:3      | Found a shimmering altar of Xom.
  1983 | D:3      | XOM: summons 5 friendly demons
  1985 | D:3      | Reached XP level 6. HP: 47/47 MP: 6/6
  2354 | D:4      | Found a broken altar of Ashenzari.
  2370 | D:4      | XOM: smoke on damage
  2471 | D:4      | Noticed Grinder
  2472 | D:4      | XOM: silly message
  2498 | D:4      | Paralysed by Grinder for 3 turns
  2504 | D:4      | Paralysed by Grinder for 2 turns
  2509 | D:4      | Killed from afar by Grinder

Illustrated notes

Levels and vault maps discovered:
D:1:      zelgadis_glass_arrival_small, layout_loops_ring,
          ebering_ecumenical_altar_abandoned, serial_bayou_ford_a, minmay_cupped
D:2:      layout_basic, basic_altar, chequers_serial_rivers_large_b,
          uniq_crazy_yiuf_cottage, uniq_natasha
D:3:      layout_loops_ring, led_xom_imps, uniq_terence, uniq_ijyb
D:4:      layout_basic, mainiacjoe_overflow_paths, cheibrodos_ashenzari_chains,
          serial_shops, nicolae_square_shop, minmay_small_thing, uniq_grinder

Skill      XL: |  1  2  3  4  5  6 |
---------------+-------------------+-----
Dodging        | 1 2 3 |  3.1
Armour         | 2 3 4 |  4.9
Axes           | 3 4 |  4.2
Fighting       | |  3.0

Action                     |  1- 3 |  4- 6 || total
---------------------------+-------+-------++-------
  Melee: Hand axe          |    83 |   173 ||   256
         Punch             |     1 |     2 ||     3
         Unarmed           |       |    15 ||    15
         Kick              |       |    36 ||    36
  Throw: Stone             |     2 |       ||     2
    Use: Potion            |       |     4 ||     4
   Stab: Sleeping          |     1 |       ||     1
         Petrified         |       |     8 ||     8
         Confused          |       |     1 ||     1
 Armour: Leather armour    |    45 |   100 ||   145
         Skin              |       |    23 ||    23
  Dodge: Dodged            |    46 |    84 ||   130

Table legend: (Time is in decaauts)
 A = Elapsed time spent in this place.
 B = Non-inter-level travel time spent in this place.
 C = Inter-level travel time spent in this place.
 D = Time resting spent in this place.
 E = Time spent auto-exploring this place.
 F = Levels seen in this place.
 G = Mean time per level.
                   A        B        C        D        E       F      G
               +--------+--------+--------+--------+--------+-----+--------+
         Total |   2577 |   2490 |     87 |     59 |   1829 |   4 |  644.2 |
       Dungeon |   2577 |   2490 |     87 |     59 |   1829 |   4 |  644.2 |
               +--------+--------+--------+--------+--------+-----+--------+

Top non-repeatable levels by time:
     D:3: 838 daAuts
     D:2: 766 daAuts
     D:1: 699 daAuts
     D:4: 272 daAuts
